[Event "European Women Blitz-ch 2024"]
[Site "Monaco"]
[Date "2025.01.10"]
[Round "6.12"]
[White "Wagner, Dinara"]
[Black "Charkhalashvili, Inga"]
[Result "1/2-1/2"]
[Annotator "TA"]
[ECO "E08"]
[WhiteElo "2437"]
[BlackElo "2240"]
[PlyCount "130"]
[EventDate "2025.01.06"]
[EventType "swiss"]
[EventCountry "MNC"]
[SourceTitle "playchess.com"]
[Source "ChessBase"]
[SourceQuality "1"]
[TimeControl "180+2"]

1. d4 Nf6 2. c4 e6 3. Nf3 d5 4. g3 Be7 5. Bg2 O-O 6. Qc2 c6 7. O-O Nbd7 8. Rd1 dxc4 9. Qxc4 Nb6 10. Qc2 Nbd5 11. a3 Bd7 12. e4 Nb6 13. Nc3 Rc8 14. Qe2 c5 15. d5 exd5 16. exd5 Bd6 17. Qc2 Re8 18. Bg5 h6 19. Bxf6 Qxf6 20. Re1 (20. Ne4 $5 Rxe4 21. Qxe4 $11) 20... Bf5 21. Ne4 $2 (21. Qd1 $11) 21... Qd8 $2 (21... Nxd5 $2 22. Nxf6+ Nxf6 23. Rxe8+ (23. Qxf5 Rf8 $18) 23... Rxe8 24. Qxf5 $18) (21... Bxe4 $19 22. Rxe4 Rxe4 (22... Nxd5 23. Rxe8+ Rxe8 24. Rd1 $15) 23. Qxe4 Qxb2) 22. Nh4 $11 Bh7 23. Qd2 (23. Bh3 $11) 23... Be7 $17 24. Nf3 Qxd5 25. Qxd5 Nxd5 26. Rad1 Nb6 27. Ne5 c4 ({Black should play} 27... Bf5 $17 28. h3 Kf8) 28. Nc3 $1 $11 Bf6 29. f4 (29. Bxb7 $11 {remains equal.} Bc2 (29... Rxe5 $2 30. Bxc8 Rxe1+ 31. Rxe1 $18) (29... Rc7 30. Nxc4 Rxe1+ 31. Rxe1 $11) 30. Rd2) 29... Re7 $17 30. Nb5 Bxe5 31. fxe5 (31. Rxe5 $15 Rxe5 32. fxe5) 31... Bd3 32. Nd6 (32. Nxa7 $15 Rc5 33. b3) 32... Rc5 33. Nxb7 Rcxe5 34. Rxe5 Rxe5 35. Rd2 (35. Bf1 $17) 35... Na4 $19 36. Nd8 $2 (36. Nd6) 36... Re1+ $19 37. Kf2 Rb1 38. b4 $2 (38. Ke3 Nxb2 (38... Rxb2 39. Rxb2 Nxb2 40. Kd4 $11) 39. Kd4) 38... Ra1 $2 (38... c3 39. Rxd3 c2) 39. Nc6 $19 Rxa3 (39... Kh7 $19 {aiming for ...c3.} 40. Bf3 c3 (40... Rxa3 $2 41. Ne5 $19)) 40. Ne5 $17 Rb3 41. Bd5 Rxb4 42. Nxd3 (42. Bxf7+ $15 Kf8 43. Bxc4 Rxc4 (43... Bxc4 $2 {perishes.} 44. Rd8+ Ke7 45. Nc6+ Ke6 46. Nxb4 $18) 44. Rxd3) 42... cxd3 $19 43. Rxd3 Nc5 44. Ra3 a6 45. Ra5 Rb2+ 46. Ke3 {[%emt 0:00:01] [#]} Nd7 (46... Rb5 $1 $17 47. Rxb5 axb5) 47. h4 Rb6 48. Kd4 (48. Bc4 $17) 48... Nf6 (48... Rg6 $19 {is more deadly.} 49. Ke3 Rxg3+ 50. Bf3 Kf8 51. Rxa6 Ne5 52. Ra8+ Ke7) 49. Bc4 $17 Rd6+ 50. Ke3 Ng4+ 51. Kf3 {[%emt 0:00:02] [#]} h5 (51... Nh2+ $1 $15 52. Ke2 (52. Ke3 Ng4+) 52... Ng4) 52. Rxh5 $11 Nf6 53. Ra5 Rd4 54. Bxa6 g6 55. Be2 Kg7 56. Ra7 Rb4 57. Bd1 Nd5 58. Be2 Rb3+ 59. Kf2 Nf6 60. Rxf7+ Kxf7 61. Bc4+ Kg7 62. Bxb3 Ne4+ 63. Kf3 Nd2+ 64. Kg4 Nxb3 65. h5 gxh5+ 1/2-1/2

[Event "European Women Blitz-ch 2024"]
[Site "Monaco"]
[Date "2025.01.10"]
[Round "6.13"]
[White "Atalik, Ekaterina"]
[Black "Javakhishvili, Lela"]
[Result "0-1"]
[Annotator "TA"]
[ECO "D35"]
[WhiteElo "2395"]
[BlackElo "2426"]
[PlyCount "107"]
[EventDate "2025.01.06"]
[EventType "swiss"]
[EventCountry "MNC"]
[SourceTitle "playchess.com"]
[Source "ChessBase"]
[SourceQuality "1"]
[TimeControl "180+2"]

1. d4 Nf6 2. c4 e6 3. Nc3 d5 4. cxd5 exd5 5. Bg5 h6 6. Bh4 Be7 7. e3 O-O 8. Bd3 Re8 9. Nge2 c6 10. O-O a5 11. Qc2 Na6 12. a3 {[%emt 0:00:01] Wards off Nb4} b5 13. f3 Nc7 14. Bf2 Ba6 15. e4 dxe4 16. Nxe4 b4 17. Nxf6+ Bxf6 18. Be4 (18. Bxa6 $11 Nxa6 19. Rfd1) 18... Nd5 (18... b3 $17 19. Qd1 Bxe2 20. Qxe2 Bxd4) 19. Rfe1 Bb5 20. Ng3 a4 21. Rad1 bxa3 22. bxa3 Qd6 23. Qc5 (23. Qb2 $11 {keeps the balance.}) 23... Qxc5 $17 24. dxc5 Bb2 $2 {[%emt 0:00:07] Black is more active.} (24... Bc3 $17 25. Nf5 Bxe1 26. Bxe1 Nf6) 25. Nf5 $2 (25. Rb1 $14 {stays ahead.} Bxa3 (25... Bc3 $2 26. Rec1 $18) 26. Bxd5 Rxe1+ 27. Bxe1 Bxc5+ 28. Bf2 Bxf2+ (28... Bd3 29. Rd1 $16) 29. Kxf2) 25... Nc3 $19 (25... Bxa3 26. Nd6 Reb8 27. Bd4 $11) 26. Rd2 Nxe4 ({Better is} 26... Bxa3 $19 {and ...Bb4 should not be overlooked} 27. Bd4 Bb4) 27. Rxb2 $15 Nxf2 28. Rxe8+ (28. Kxf2 $15 Rxe1 29. Kxe1 Re8+ 30. Kd2 Re2+ 31. Kc3) 28... Rxe8 $17 29. Kxf2 $19 {[%emt 0:00:02][%mdl 4096] Endgame KRB-KRN} Re5 $1 30. Nd4 Rxc5 31. Ke3 (31. Rc2 $17 Rxc2+ 32. Nxc2) 31... Rc3+ 32. Ke4 Bd3+ 33. Kf4 (33. Ke5) 33... c5 ({Resist} 33... Rxa3 34. Rb8+ Kh7 35. Nxc6 $19) 34. Nb5 (34. Ne2 {was worth a try.} Rxa3 35. Ke5) 34... Rb3 35. Rxb3 axb3 {[%emt 0:00:01] KB-KN. Black is a pawn up.} 36. Nc3 b2 37. Ke5 b1=Q 38. Nxb1 Bxb1 {[%emt 0:00:01] KB-KP} 39. Kd5 f5 40. Kxc5 f4 41. Kd4 {[%emt 0:00:01] Dodges Bd3} Kf7 (41... Bc2 $142 42. Kc3 Bd1) 42. Ke5 g5 {[%emt 0:00:03] ( -> ...Bd3)} 43. a4 Bd3 44. a5 Bf1 45. g3 {[%emt 0:00:04] [#]} fxg3 $1 46. hxg3 {[%emt 0:00:00] KB-K3P} Kg6 47. Ke4 h5 48. Ke3 Kf5 49. Kf2 Ba6 50. Ke3 Ke5 51. f4+ gxf4+ 52. gxf4+ Kf5 53. Kf3 h4 54. Ke3 0-1

[Event "European Women Blitz-ch 2024"]
[Site "Monaco"]
[Date "2025.01.10"]
[Round "6.14"]
[White "Hejazipour, Mitra"]
[Black "Khotenashvili, Bella"]
[Result "0-1"]
[Annotator "TA"]
[ECO "A40"]
[WhiteElo "2310"]
[BlackElo "2420"]
[PlyCount "102"]
[EventDate "2025.01.06"]
[EventType "swiss"]
[EventCountry "MNC"]
[SourceTitle "playchess.com"]
[Source "ChessBase"]
[SourceQuality "1"]
[TimeControl "180+2"]

1. d4 Nf6 2. Nf3 g6 3. Nbd2 Bg7 4. e4 O-O 5. Bd3 d6 6. O-O c5 7. d5 e6 8. c4 Nh5 9. Re1 e5 (9... Re8 $11) 10. g3 Bg4 11. Bf1 f5 (11... Na6 $14) 12. h3 $16 Bxf3 13. Qxf3 (13. Nxf3 $16 {exf5 would now be deadly.} f4 14. g4) 13... Nd7 (13... Bh6 $1 $11) 14. exf5 Rxf5 15. Qg2 ({White should try} 15. Qb3 $16) 15... Bh6 $1 $14 16. Bd3 Rf8 17. Ne4 Bxc1 18. Raxc1 Qe7 19. Be2 Ng7 20. h4 Nf6 21. Ng5 h6 22. Ne4 Nxe4 23. Qxe4 Qf6 24. Rf1 Nf5 25. Bd3 Kg7 26. Qg4 h5 27. Qh3 (27. Qf3 $15) 27... Nd4 $17 {[%emt 0:00:01] And now ...Rae8 would win.} 28. Qg2 $2 (28. Rcd1 $17) 28... Rf7 $2 ({Black should try} 28... e4 $1 $19 29. Qxe4 Nf3+ (29... Rae8 $2 30. Qg2 $19) 30. Kg2 Rae8 (30... Qxb2 31. Qxg6+ Kh8 32. Qh7#)) 29. Qe4 {[%emt 0:00:01] [#]} (29. f4 $11) 29... Raf8 (29... Nf3+ $1 $17 30. Kg2 Nd2) 30. f4 (30. Kg2 $11) 30... exf4 31. Rxf4 Nf5 $36 {[%emt 0:00:00][%mdl 2048] Black fights for an advantage.} 32. Qf3 $2 (32. Rc2 $15) 32... Qxb2 $19 (32... Nxh4 33. Qe3 Re7 (33... Qxb2 $2 34. Rxf7+ Rxf7 35. gxh4 $18) 34. Rxf6) 33. Rf1 {[%emt 0:00:05] [#]} Qe5 $1 (33... Qxa2 34. Bxf5 Rxf5 35. Qc3+ Kg8 36. Ra1 $11) 34. Bxf5 Rxf5 35. Rxf5 Rxf5 {[%emt 0:00:01][%mdl 4096] Endgame KQR-KQR. Black is a pawn up.} (35... gxf5 36. Kg2 $17) 36. Qg2 $2 (36. Qb3) 36... Qd4+ $2 (36... Rxf1+ 37. Qxf1 Qxg3+ 38. Kh1 Qxh4+ 39. Kg1 Qd4+ 40. Kg2 b5 41. cxb5 Qxd5+ 42. Kh2 c4 (42... Qxa2+ $2 43. Kg1 $19)) 37. Kh2 Qxc4 38. Rxf5 $2 (38. Qb2+ Qd4 39. Qxb7+ Kf6 40. Rxf5+ gxf5 41. Qd7 Qxd5 42. Qd8+ Ke5 43. Qh8+ Ke4 44. Qxh5) 38... gxf5 {[%emt 0:00:01] KQ-KQ. Black is two pawns up.} 39. Qb2+ Kg6 40. Qxb7 Qe2+ 41. Kh3 Qf1+ ({Stronger than} 41... Qxa2 42. Qc6 Qb1 43. Qe8+ (43. Qxd6+ Kf7 $11) 43... Kg7 44. Qe7+ Kg8 45. Qe8+ Kg7 46. Qe7+ Kh8 47. Qf6+ Kg8 48. Qg6+ (48. Qxd6 $2 Qh1#) 48... Kh8 49. Qh6+ Kg8 50. Qg6+ (50. Qxd6 $2 Qh1#) 50... Kh8 51. Qh6+ Kg8 52. Qe6+ Kg7 53. Qd7+ Kh8 54. Qd8+ Kh7 55. Qe7+ Kg8 56. Qd8+ Kf7 57. Qd7+ Kg8 58. Qe6+ Kh7 59. Qf7+ Kh6 60. Qf6+ Kh7 61. Qf7+ Kh6 62. Qf6+ Kh7 63. Qe7+ Kg8 $11) 42. Kh2 f4 43. gxf4 Qxf4+ 44. Kh3 Qe3+ 45. Kg2 Qd2+ 46. Kf3 Qxa2 47. Qe7 $2 (47. Qc6 $19 Qb3+ 48. Ke2 Qc2+ 49. Ke3 Qc3+ 50. Ke2 Qc2+) 47... Qb3+ (47... Qxd5+ $142 48. Ke2 Qe5+ 49. Qxe5 dxe5 50. Kf2 Kf6 51. Kf3 Kf5 52. Ke3 e4 53. Kd2 Ke5 54. Kc3 Kd5 55. Kd2 c4 56. Ke2 Kd4 57. Kf2 c3 58. Ke2 e3 59. Kf3 c2 60. Kf4 e2 (60... c1=R {is a self mate.} 61. Kf5 e2 62. Kg5 e1=Q 63. Kf6 Qe5+ 64. Kf7 Qf5+ 65. Kg8 Rc7 66. Kh8 Qh7#) (60... c1=Q 61. Kf5 e2 62. Kg6 e1=Q 63. Kxh5 Qe5+ 64. Kg6 Qg1+ 65. Kh7 Qh5#) 61. Kg5 e1=Q (61... c1=N 62. Kxh5 e1=Q 63. Kg6 Qe6+ 64. Kg7 Nd3 65. h5 Ne5 66. Kh7 Qf7+ 67. Kh6 Ke3 68. Kg5 Qf4#) 62. Kg6 Qe6+ (62... c1=R 63. Kf6 Qe5+ 64. Kg6 Rg1+ 65. Kf7 Rg7+ 66. Kf8 Qe7#) (62... c1=Q 63. Kxh5 Qe5+ 64. Kg6 Qg1+ 65. Kh7 Qh5#) 63. Kxh5 a6 (63... c1=R $2 64. Kg5 Rg1+ 65. Kh5 Qg6#) (63... Qf5+ 64. Kh6 c1=Q+ 65. Kg7 Qg1+ 66. Kh8 Qh5#) 64. Kg5 c1=Q+ 65. Kh5 Qch6#) 48. Ke2 Qc4+ (48... Qxd5 $2 49. Qe8+ Qf7 50. Qe4+ Qf5 51. Qe8+ Kf6 52. Kd2 $19) 49. Kd2 Qf4+ 50. Kc3 (50. Kc2 $19) 50... Qf6+ 51. Qxf6+ Kxf6 0-1

[Event "European Women Blitz-ch 2024"]
[Site "Monaco"]
[Date "2025.01.10"]
[Round "6.15"]
[White "Osmak, Yuliia"]
[Black "Schulze, Lara"]
[Result "0-1"]
[Annotator "TA"]
[ECO "A29"]
[WhiteElo "2463"]
[BlackElo "2266"]
[PlyCount "146"]
[EventDate "2025.01.06"]
[EventType "swiss"]
[EventCountry "MNC"]
[SourceTitle "playchess.com"]
[Source "ChessBase"]
[SourceQuality "1"]
[TimeControl "180+2"]

1. c4 e5 2. Nc3 Nf6 3. Nf3 Nc6 4. g3 Bb4 5. Bg2 Bxc3 6. dxc3 O-O 7. O-O d6 8. Nh4 Rb8 9. e4 Ne7 10. Be3 {[%emt 0:00:06] White has an edge.} b6 11. b3 Nd7 12. Qc2 Nc5 13. Rad1 Qe8 $1 14. Nf5 Nxf5 15. exf5 Bb7 16. f3 (16. Bxb7 $14 Nxb7 17. Qe4) 16... f6 $11 17. Rfe1 Kh8 18. g4 Qf7 19. h4 Rg8 20. h5 h6 21. Qc1 Kh7 22. Qc2 Kh8 23. Qd2 Kh7 24. Qf2 Rge8 25. Bf1 Rbd8 26. Bg2 a5 27. Rd2 Nd7 28. Red1 {[%emt 0:00:02] [#]} a4 $1 29. Bf1 axb3 30. axb3 Ra8 31. b4 Nf8 32. c5 (32. Kg2 $11) 32... bxc5 $15 33. bxc5 d5 34. Rb2 Bc6 35. Rdd2 (35. Rbb1 $17) 35... Ra3 $1 $19 36. Rdc2 {[%emt 0:00:05] [#]} Rea8 ({Black should try} 36... d4 $1 $19 37. Bc1 Rxc3 38. Rxc3 dxc3) 37. Qe2 {[%emt 0:00:17] [#]} (37. Bg2 $17 {was worth a try.}) 37... R8a4 (37... d4 $1 $19 38. cxd4 exd4 39. Bxd4 Bxf3 (39... Rxf3 $2 40. Qd1 $19)) 38. Ra2 $17 Qe8 39. Rxa3 Rxa3 40. Qd2 (40. f4 $17) 40... Qa8 $19 41. Rb2 (41. Kh2 $17) 41... Ra1 42. Kf2 Qa3 43. Be2 Nd7 44. Bb5 $2 (44. Rc2) 44... Bxb5 45. Rxb5 Ra2 {[%emt 0:00:01][%cal Od5d4] Strongly threatening ...d4!} 46. c6 Rxd2+ 47. Bxd2 Nc5 48. Be3 Nd3+ 49. Ke2 e4 {[%emt 0:00:02] ( -> ...Qa2+)} 50. fxe4 dxe4 51. Rb7 Qa2+ 52. Bd2 Nc1+ (52... Qc2 $142 53. Ke3 Ne5 54. g5 Qd3+ (54... Nxc6 $2 55. g6+ Kg8 56. Ke2 $19) 55. Kf2 Qxd2+ 56. Kf1 Qd1+ (56... Qxg5 {leads to mate.} 57. Rb4 Qxf5+ 58. Ke2 Qf3+ 59. Kd2 Qf2+ 60. Kc1 Nd3+ 61. Kb1 Nxb4 62. cxb4 e3 63. Kc1 Qd2+ 64. Kb1 e2 65. b5 e1=Q#) 57. Kg2 Qe2+ (57... Qxh5 $2 58. g6+ Nxg6 59. fxg6+ Kxg6 60. Rb8 $19) 58. Kg3 Qf3+ (58... Nxc6 59. gxf6 Qf3+ 60. Kh2 Ne5 61. Rb2 Qg4 62. Rf2 Nf3+ 63. Rxf3 exf3 64. fxg7 Qg2#) 59. Kh2 Ng4+ (59... Qxc3 60. g6+ Nxg6 61. hxg6+ Kh8 62. Rb8#) 60. Kg1 Qg3+ 61. Kh1 Qh2#) 53. Kd1 Nb3 54. Be3 Qb1+ 55. Ke2 Qd3+ 56. Kf2 Qxc3 57. Rxc7 Na5 58. Rc8 {[%emt 0:00:07] Wards off Nc4} Nxc6 {[%emt 0:00:02] Hoping for ...Qc2+.} 59. Rc7 Qb2+ {[%emt 0:00:01] Black mates.} 60. Kf1 Ne5 61. Bc5 Nd3 62. Be3 Qb1+ 63. Kg2 Qa2+ 64. Kg3 Qe2 65. Bc5 Qf3+ 66. Kh2 Qxg4 67. Bd6 Ne1 68. Bg3 Nf3+ 69. Kg2 Nh4+ 70. Kf2 Nxf5 71. Bh2 Qf3+ 72. Kg1 Nh4 73. Rc2 Qd1+ {[%emt 0:00:02] Weighted Error Value: White=1.00/Black=0.38.  Mistake:       	White=7     	Black=2      Inaccurate:     	White=2     	Black=4      OK:         	White=4     	Black=12     Best:        	White=1     	Black=2      Strong:       	---       	Black=1} (73... e3 $142 74. Bg3 Qxg3+ 75. Kf1 Qf3+ 76. Ke1 Ng2+ (76... Qxh5 {is a self mate.} 77. Re2 Nf3+ 78. Kd1 Nd4 79. Kc1 Qxe2 80. Kb1 Qc2+ 81. Ka1 Nb3#) 77. Rxg2 Qxg2 78. Kd1 Qd2#) 0-1

[Event "European Women Blitz-ch 2024"]
[Site "Monaco"]
[Date "2025.01.10"]
[Round "6.16"]
[White "Dornbusch, Tatiana"]
[Black "Injac, Teodora"]
[Result "0-1"]
[Annotator "TA"]
[ECO "D77"]
[WhiteElo "2234"]
[BlackElo "2453"]
[PlyCount "72"]
[EventDate "2025.01.06"]
[EventType "swiss"]
[EventCountry "MNC"]
[SourceTitle "playchess.com"]
[Source "ChessBase"]
[SourceQuality "1"]
[TimeControl "180+2"]

1. d4 Nf6 2. Nf3 g6 3. g3 Bg7 4. Bg2 O-O 5. O-O d5 6. c4 dxc4 7. Na3 a5 8. Nxc4 a4 9. Bf4 Be6 10. Rc1 c6 11. a3 h6 12. Qd2 g5 13. Bxb8 Rxb8 14. Qb4 (14. e3 $14) 14... Ne4 (14... g4 $11 15. Nfe5 Qxd4) 15. Nb6 (15. Rfd1 $14) 15... Qd6 16. Qxd6 (16. Qxa4 g4 17. Ne5 Nd2 $11) (16. Nxa4 Qxb4 17. axb4 g4 $15) 16... exd6 17. Nxa4 (17. e3 $11 {should be considered.}) 17... g4 $36 {[%emt 0:00:00][%mdl 2048] Black has the initiative.} 18. Nh4 Nd2 19. Rfd1 Nb3 20. Rc3 (20. Rc2 $15) 20... Nxd4 $17 (20... Bxd4 $2 21. Rxb3 Bxf2+ 22. Kxf2 $18) 21. Rcd3 (21. Re3 $17) 21... Nxe2+ $19 22. Kf1 b5 $1 23. Kxe2 bxa4 24. Rxd6 (24. Bxc6 Rxb2+ (24... Bxb2 $2 25. Bxa4 Bc4 26. Nf5 $19) 25. R3d2) 24... Rxb2+ (24... Bxb2 25. Bxc6 Bc4+ (25... Bxa3 26. R6d4 $17) 26. Ke3 $19) 25. R1d2 Bc4+ 26. Kd1 Rb1+ 27. Kc2 Rfb8 $2 (27... Re1 $19 {and Black stays clearly on top.} 28. Bxc6 Bb3+ 29. Kd3 Be5) 28. Rd8+ $17 Bf8 {[%emt 0:00:03] Black is more active. This pair of bishops is nice.} 29. Rxb8 $4 (29. Bxc6 $17 R8b2+ 30. Kc3 Rxd2 31. Kxd2) 29... Rxb8 $19 30. Bxc6 (30. Rd4 $142 Bb3+ 31. Kd3) 30... Bb3+ (30... Bxa3 31. Bxa4 Be6 32. Rd3 Rb2+ 33. Kc1 Ra2+ (33... Rxf2+ 34. Rxa3 Kg7 35. Bc6 $16) 34. Kd1 $17) 31. Kd3 Rd8+ (31... Bxa3 $142 {Strongly threatening ...Rd8+.} 32. Bxa4 Bxa4) 32. Ke2 Rxd2+ 33. Kxd2 Bxa3 34. Nf5 $2 (34. Kc3 {was forced.}) 34... Bb2 (34... Bb4+ $142 35. Kd3 a3) 35. Ne3 $2 (35. Nxh6+ $19 Kg7 (35... Kf8 $2 36. Bxa4 Bxa4 37. Nxg4 $17) 36. Bxa4 Bxa4 37. Nxg4) 35... a3 36. Nc2 a2 0-1

[Event "European Women Blitz-ch 2024"]
[Site "Monaco"]
[Date "2025.01.10"]
[Round "6.17"]
[White "Jimenez Fernandez, Rebeca"]
[Black "Bulmaga, Irina"]
[Result "1-0"]
[Annotator "TA"]
[ECO "C22"]
[WhiteElo "2114"]
[BlackElo "2386"]
[PlyCount "63"]
[EventDate "2025.01.06"]
[EventType "swiss"]
[EventCountry "MNC"]
[SourceTitle "playchess.com"]
[Source "ChessBase"]
[SourceQuality "1"]
[TimeControl "180+2"]

1. e4 e5 2. d4 exd4 3. Qxd4 Nc6 4. Qe3 Nf6 5. Nc3 Bb4 6. Bd2 O-O 7. O-O-O Re8 8. Bc4 d6 9. Nf3 Be6 10. Bxe6 Rxe6 11. Ng5 Re8 12. f3 a6 13. h4 d5 (13... Ne5 $15 {keeps the upper hand.}) 14. Qf2 (14. Nxd5 $5 Nxd5 15. Qb3 $14) 14... Ne5 (14... dxe4 $14 15. Ngxe4 Nxe4 16. Nxe4 Bxd2+ 17. Rxd2 Qe7) 15. Nxd5 $16 Nxd5 $2 (15... Bxd2+ $16 16. Rxd2 (16. Qxd2 h6 $14) 16... Nxd5) 16. Bxb4 $18 (16. exd5 Qxd5 17. Bxb4 Qxa2 $11) 16... Nxb4 17. Rxd8 Raxd8 18. Kb1 Nbc6 19. h5 (19. f4 Nc4 20. e5 Rd4 $14) 19... h6 20. Nh3 Rd6 21. b3 Red8 22. Nf4 Rd2 23. Qg3 Nd4 24. Nd5 Nec6 25. Qxc7 (25. Nxc7 Nxc2 26. Kc1 N2d4 $15 (26... Ne3 27. Nd5 $16)) 25... Rxc2 (25... Rb8 $142 26. Ne7+ Kf8 27. Nxc6 Nxc6) 26. Ne7+ Kh8 27. Nxc6 Nxc6 28. Kxc2 Rd4 29. Qxb7 Rd6 30. Rd1 ({Weaker is} 30. Qxa6 Nb4+ 31. Kc3 Nxa6 $16) 30... Nd4+ 31. Kb2 Kh7 32. Qa7 (32. Qb8 $142 Rd7 33. Qc8 (33. Rxd4 Rxd4 34. Kc2 Rd7 $18) 33... Rd6 34. Qc5 (34. Rxd4 Rxd4 35. Kc2 Rd6 $18) 34... Rd8 35. Rxd4 Re8 36. Qc7 (36. Qf5+ Kg8 $18) 36... Kg8 37. Rd8) 1-0

[Event "European Women Blitz-ch 2024"]
[Site "Monaco"]
[Date "2025.01.10"]
[Round "6.18"]
[White "Piddubna, Bozhena"]
[Black "Cramling, Pia"]
[Result "1-0"]
[Annotator "TA"]
[ECO "E15"]
[WhiteElo "2152"]
[BlackElo "2416"]
[PlyCount "86"]
[EventDate "2025.01.06"]
[EventType "swiss"]
[EventCountry "MNC"]
[SourceTitle "playchess.com"]
[Source "ChessBase"]
[SourceQuality "1"]
[TimeControl "180+2"]

1. d4 Nf6 2. c4 e6 3. Nf3 b6 4. g3 Ba6 5. Qc2 c5 6. Bg2 Nc6 7. dxc5 Bxc5 8. a3 Bb7 9. O-O O-O 10. b4 Be7 11. Bb2 Rc8 12. Rd1 d5 {[%emt 0:00:13] [#]} (12... d6 $14) 13. Qa4 (13. Nc3 $1 $16) 13... Qc7 $11 14. cxd5 exd5 (14... Nxd5 $11 15. Nbd2 Bf6 16. Bxf6 Nxf6) 15. Nc3 $16 Rfd8 16. Nb5 (16. Bh3 $16) 16... Qb8 (16... Qd7 $1 $11) 17. Nbd4 {[%emt 0:00:00] White is more active.} Ne4 18. Qb3 Nxd4 19. Bxd4 Bf8 20. Nd2 Re8 21. e3 Qa8 22. Nf3 Ba6 23. Qb2 Bb7 24. Ne5 Rcd8 (24... f6 $14 25. Nd7 Rc4) 25. Rac1 f6 26. Nd3 Rc8 27. Nf4 Rxc1 28. Rxc1 Rc8 29. Bh3 Rxc1+ 30. Qxc1 Qb8 {[%emt 0:00:11] Dodges Qc7} ({Black should play} 30... Bd6 $14) 31. Ne6 ({White should try} 31. Qd1 $16 {And now Be6+ would win.} Qe8 32. Be6+ Kh8 33. Qg4 (33. Bxd5 Bxd5 34. Nxd5 Qc6 $16)) 31... Bd6 (31... Qc8 $14 32. Qb2 Qe8) 32. Nf4 (32. f3 $16 Ng5 33. Nxg5 fxg5 34. Be6+ Kf8 35. Qc2) 32... Ng5 {[%emt 0:00:02] Threatens to win with ...Bxf4.} 33. Bg2 $36 {[%emt 0:00:02][%mdl 2048] White has some pressure.} Ne4 34. h4 Be5 (34... Qc7 $11 35. Qd1 Bxf4 36. exf4 h6) 35. Qb2 (35. Bxe4 $16 Bxf4 36. Bxh7+ Kxh7 37. Qc2+ (37. exf4 Qe8 $18) (37. gxf4 Qe8 $14) 37... Kg8 38. exf4) 35... Qd6 36. Bxe4 dxe4 37. Bxe5 fxe5 {[%emt 0:00:02][%mdl 4096] Endgame KQB-KQN} 38. Ne2 (38. Qb3+ $14 Kf8 39. Ne6+ Kg8 40. Ng5+ Bd5 41. Qa4) 38... Qd3 $2 {[%emt 0:00:06] [#]} (38... h6 $11 {and Black is okay.}) 39. Nc3 $2 (39. Qxe5 $1 $18 Qd1+ 40. Kg2) 39... Bc6 40. Qb3+ Kf8 41. b5 Be8 (41... Bb7 $11) 42. Qb4+ Kf7 43. Nxe4 Kg6 $2 (43... Qd1+ 44. Kh2 Qc2) 1-0

[Event "European Women Blitz-ch 2024"]
[Site "Monaco"]
[Date "2025.01.10"]
[Round "7.1"]
[White "Ushenina, Anna"]
[Black "Paehtz, Elisabeth"]
[Result "1-0"]
[Annotator "TA"]
[ECO "B07"]
[WhiteElo "2418"]
[BlackElo "2428"]
[PlyCount "127"]
[EventDate "2025.01.06"]
[EventType "swiss"]
[EventCountry "MNC"]
[SourceTitle "playchess.com"]
[Source "ChessBase"]
[SourceQuality "1"]
[TimeControl "180+2"]

1. Nf3 Nf6 2. d4 g6 3. Nbd2 Bg7 4. e4 d6 5. Bb5+ c6 6. Bd3 Qc7 7. O-O c5 8. dxc5 Qxc5 9. Nb3 Qc7 10. h3 O-O 11. Re1 Nc6 12. c3 e5 13. Bg5 Be6 14. Qd2 Nh5 15. Rad1 a5 16. Bf1 a4 17. Nc1 Qb6 18. a3 f6 19. Be3 Qa5 20. Qxd6 Bf7 21. Qc5 Qc7 22. Bc4 Nf4 23. Bxf7+ Rxf7 24. Bxf4 exf4 25. Nd3 g5 26. Nb4 Nxb4 (26... Bf8 27. Qb5 Ra5) 27. Qxb4 $18 (27. cxb4 $6 Qxc5 28. bxc5 h6 $16) 27... Bf8 28. Qb5 Ra5 29. Qd3 Qb6 30. Rd2 Rb5 (30... Re7 31. Qc4+ Qe6) 31. Qc2 $18 Bc5 32. Red1 (32. Qxa4 Rxb2 33. Ree2 Rb1+ 34. Kh2 Rc1 $16) 32... Rb3 33. Nd4 (33. e5 $142) 33... Bxd4 $18 34. Rxd4 (34. cxd4 $18 {and White stays clearly on top. Black must now prevent e5.} Qc7 35. d5) 34... Rxb2 $16 35. Qxa4 Kg7 36. R4d2 (36. Qe8 {is interesting.} Qc5 37. f3 Rc2 38. Kh2) 36... Rxd2 37. Rxd2 Qc5 38. Qb4 Qe5 (38... Rc7 $16) 39. Rd5 $18 Qe6 40. Qd4 h6 41. a4 Qa6 42. a5 Qe2 $2 (42... Qc6 43. Kh2 Qe6) 43. e5 $18 Kg6 44. exf6 Rxf6 45. Qd3+ $2 (45. Re5 $18 Qa6 46. h4) 45... Qxd3 $11 46. Rxd3 Rf5 47. Rd6+ Kh5 48. Rb6 Rxa5 49. Rxb7 Rc5 50. Rb3 Kg6 51. Kf1 Kf5 52. Ke2 h5 53. Kd3 Ke5 $2 {[%emt 0:00:09][%mdl 8192] [#]} (53... Rd5+ $11 54. Kc2 Re5) 54. c4 $1 $18 Rc8 55. Rb5+ Kf6 56. Kd4 (56. Rd5 $142) 56... Rd8+ (56... Re8 $142 57. c5 Rd8+ 58. Kc3 Ke5) 57. Rd5 $18 Ra8 58. Rd6+ Kf5 $2 (58... Kf7 {keeps fighting.} 59. Rd5 Kf6) 59. Rd5+ Kf6 60. c5 Ra2 (60... Ra4+ $142 61. Kc3 Ra1) 61. c6 $18 Rd2+ $2 (61... Ke6 62. c7 (62. Rxg5 Ra4+ 63. Kd3 Kd6 $18) 62... Rc2) 62. Kc5 $18 Rxf2 63. Rd4 $2 (63. Kd6 $18 {Threatening mate with c7.} Re2 64. c7) 63... Ra2 $2 (63... Rxg2 $2 {is the wrong capture.} 64. c7 Rc2+ 65. Rc4 $18) (63... Rc2+ $11 64. Rc4 Rxc4+ 65. Kxc4 Ke7) 64. c7 1-0